[Event "*** Titled Tuesday Blitz"]
[Site "Chess.com"]
[Date "2020.05.12"]
[Round "2"]
[White "stanyga"]
[Black "Future2700"]
[Result "1-0"]
[WhiteElo "2657"]
[BlackElo "2409"]
[TimeControl "180+1"]
[EndTime "10:18:08 PDT"]
[Termination "stanyga won by resignation"]

1. e4 c5 2. Nf3 e6 3. d4 cxd4 4. Nxd4 Nc6 5. Nc3 Qc7 6. Nxc6 bxc6 7. f4 d5 8. Bd3 Nf6 9. O-O Bc5+ 10. Kh1 h5 11. Qf3 Ng4 12. Bd2 Bd7 13. Rae1 O-O-O 14. Na4 Bd6 15. e5 Be7 16. Ba6+ Kb8 17. Qb3+ Ka8 18. Ba5 Qb8 19. Bxd8 Rxd8 20. Qxb8+ Rxb8 21. h3 Nh6 22. b3 Nf5 23. Kh2 h4 24. Rf3 c5 25. Nb2 c4 26.
Rd1 Bc6 27. a4 Ba3 28. Rb1 Nd4 29. Rff1 Nxc2 30. bxc4 Rxb2 31. Rxb2 Bxb2 32. Rf2 Nb4 33. Bb5 Bxb5 34. Rxb2 Bxa4 35. Rxb4 Bc6 36. c5 a5 37.
Rb6 Bb7 38. c6 Bc8 39. c7 Ka7 40. Rb8 1-0

[Event "*** Titled Tuesday Blitz"]
[Site "Chess.com"]
[Date "2020.05.12"]
[Round "2"]
[White "ChessBitl"]
[Black "druskacik"]
[Result "0-1"]
[WhiteElo "2325"]
[BlackElo "2665"]
[TimeControl "180+1"]
[EndTime "10:18:08 PDT"]
[Termination "druskacik won by resignation"]

1. e4 e6 2. d4 d5 3. Nd2 Be7 4. c3 c5 5. Ngf3 Nf6 6. e5 Nfd7 7. Bd3 Nc6 8. O-O a5 9. a4 cxd4 10. cxd4 Nb4 11. Be2 O-O 12. Nb3 Nb6 13. Be3 Nc4 14. Qc1 b6 15. Nbd2 Nxe3 16. fxe3 Ba6 17. Bxa6 Nxa6 18.
Nb3 Rc8 19. Qd2 Rc4 20. Qe2 Qd7 21. Nfd2 Rfc8 22. Nxc4 dxc4 23. Nd2 Nb4 24. Rfc1 Nd3 25. Rc2 Bg5 26. Nxc4 Nb4 27. Rd2 Rxc4 28. Qxc4 Bxe3+ 29. Kh1 Bxd2 30. Rd1 Be3 31. Qe2 Bg5 32. Qe4 Qd5 33. Qg4 Be7 34. h4 g6 35. h5 Qb3 36. h6 Qxa4 37. Rf1 Qe8 38. Qf4 Nd5 39.
Qf3 Bf8 40. Qb3 Bxh6 41. g3 Qe7 42. Kg2 Bf8 43. Qc4 Ne3+ 0-1

[Event "*** Titled Tuesday Blitz"]
[Site "Chess.com"]
[Date "2020.05.12"]
[Round "2"]
[White "Fins0905"]
[Black "Vusatiuk_Vladimir"]
[Result "1-0"]
[WhiteElo "2610"]
[BlackElo "2307"]
[TimeControl "180+1"]
[EndTime "10:18:08 PDT"]
[Termination "Fins0905 won on time"]

1. d4 Nf6 2. c4 g6 3. Nc3 d5 4. cxd5 Nxd5 5. e4 Nxc3 6. bxc3 Bg7 7. Qa4+ Nd7 8. Nf3 O-O 9. Be2 c5 10. O-O Nb6 11. Qa3 cxd4 12. cxd4 Bg4 13. Bg5 Qd6 14.
Bxe7 Qxa3 15. Bxa3 Rfe8 16. e5 Rad8 17. Rad1 Nd5 18. Bb5 Re6 19. Bc4 Rc6 20. Rc1 Nf4 21. Ng5 Ne2+ 22. Bxe2 Bxe2 23. Rfe1 Rxd4 24. Rxc6 bxc6 25.
f4 Rd2 26. Ne4 Rxa2 27. Be7 Bc4 28. Rb1 Bb5 29. Rd1 f5 30. Ng5 Bxe5 31. fxe5 Re2 32. Bf6 Bd3 33. Rxd3 Re1+ 34. Kf2 1-0

[Event "*** Titled Tuesday Blitz"]
[Site "Chess.com"]
[Date "2020.05.12"]
[Round "2"]
[White "MikeKorovin"]
[Black "MateSchmate"]
[Result "0-1"]
[WhiteElo "2639"]
[BlackElo "2416"]
[TimeControl "180+1"]
[EndTime "10:18:09 PDT"]
[Termination "MateSchmate won on time"]

1. Nf3 Nf6 2. b3 b6 3. Bb2 Bb7 4. g3 c5 5. Bg2 e6 6. O-O Be7 7.
c4 O-O 8. Nc3 a6 9. e3 d6 10.
Rc1 Nbd7 11. d4 cxd4 12. Qxd4 Qc7 13. Rfd1 Rfd8 14. Na4 Nc5 15. Nxc5 bxc5 16. Qd3 Be4 17. Qc3 Qb7 18. Ne1 Bxg2 19. Nxg2 a5 20. Nf4 a4 21. g4 Qf3 22. g5 Qg4+ 23. Kh1 Qf3+ 24. Kg1 Qg4+ 25. Kh1 Qxg5 26. Rg1 Qh6 27. Qc2 e5 28.
Ne2 axb3 29. axb3 Qh5 30. Rg3 Kh8 31. Nc3 g6 32. f4 Qf5 33. Qxf5 gxf5 34. Nb5 Ne4 35.
Rg2 Bf6 36. Rf1 Rg8 37. Nxd6 Rxg2 38. Kxg2 Ra2 39. Nxe4 Rxb2+ 40. Nf2 exf4 41. exf4 Rxb3 42. Nd1 Bd4 43. Re1 Kg7 44. h3 Kf6 45. Nf2 Rb2 46.
Rf1 Rc2 47. Kf3 Rc3+ 48. Nd3 Rxd3+ 49. Ke2 Re3+ 50. Kd2 Rxh3 51. Ra1 Bxa1 0-1

[Event "*** Titled Tuesday Blitz"]
[Site "Chess.com"]
[Date "2020.05.12"]
[Round "2"]
[White "KarstenHansch"]
[Black "NFork"]
[Result "1-0"]
[WhiteElo "2360"]
[BlackElo "1897"]
[TimeControl "180+1"]
[EndTime "10:18:09 PDT"]
[Termination "KarstenHansch won by resignation"]

1. e4 c6 2. d4 d5 3. exd5 cxd5 4. Bd3 Nc6 5. c3 Qc7 6. h3 g6 7. Ne2 Bf5 8. Bf4 Qb6 9. Bxf5 gxf5 10. Qb3 Bg7 11.
Qxb6 axb6 12. Na3 Nf6 13. f3 O-O 14. g4 fxg4 15. hxg4 Nd7 16. Kf2 e5 17. dxe5 Ndxe5 18. Rad1 Nc4 19. Nxc4 dxc4 20. a3 Ne5 21. Bxe5 Bxe5 22.
Rh5 Rfe8 23. Rd7 Ra5 24. Rxb7 Rb5 25. f4 Bd4+ 26. cxd4 Rxb2 27. Re5 Rc8 28. Rg5+ Kh8 29. Rxf7 Re8 30. Re5 Rc8 31. Ree7 c3 32. Rxh7+ Kg8 33.
Reg7+ Kf8 34. Rh8+ Kxg7 35. Rxc8 c2 36. d5 Kf7 37. g5 Ke7 38. g6 Kf6 39. d6 1-0

[Event "*** Titled Tuesday Blitz"]
[Site "Chess.com"]
[Date "2020.05.12"]
[Round "2"]
[White "EugeneRougon"]
[Black "Mikhail_Golubev"]
[Result "1-0"]
[WhiteElo "2766"]
[BlackElo "2507"]
[TimeControl "180+1"]
[EndTime "10:18:10 PDT"]
[Termination "EugeneRougon won by resignation"]

1. b3 d6 2. Bb2 Nd7 3. f4 Ngf6 4. Nf3 e5 5. fxe5 dxe5 6. Nxe5 Nxe5 7. Bxe5 Ng4 8. Bb2 Bd6 9. g3 Nxh2 10. Rg1 Qg5 11. Qc1 Bxg3+ 12. Kd1 Qf4 13. d3 Qf2 14. Rh1 Nxf1 15. Qg5 Bf4 16. Qxg7 Ne3+ 17. Kd2 Nc4+ 18. Kc3 Be5+ 19. Qxe5+ Nxe5 20. Kd2 Nf3+ 21. Kd1 Ng1 22. Bxh8 Qf1+ 23. Kd2 Nf3+ 24. exf3 Qxh1 25. Na3 Qxf3 26.
Re1+ Kd7 27. Nc4 b5 28. Ne5+ Kd6 29. Nxf3 Bb7 30. Be5+ Kd7 31. Ng5 Re8 32. Nxh7 f5 33.
Nf6+ 1-0

[Event "*** Titled Tuesday Blitz"]
[Site "Chess.com"]
[Date "2020.05.12"]
[Round "2"]
[White "today_good_day"]
[Black "Redbandit87"]
[Result "1-0"]
[WhiteElo "2100"]
[BlackElo "2380"]
[TimeControl "180+1"]
[EndTime "10:18:10 PDT"]
[Termination "today_good_day won by checkmate"]

1. e4 e5 2. Nf3 Nc6 3. Bb5 Bc5 4. d3 Qf6 5. Nc3 Nge7 6. Be3 Bb6 7. Qd2 h6 8. O-O-O O-O 9. h4 Nd4 10. Bxd4 exd4 11.
Ne2 c6 12. Ba4 d6 13. Nf4 Bg4 14. Rdg1 Bc7 15. Nh2 Bd7 16. Nh5 Qg6 17. g4 d5 18.
f3 a5 19. c3 dxc3 20. bxc3 b5 21. Bc2 b4 22. cxb4 d4 23. Bb3 axb4 24. Kb2 Ra5 25. Ng3 Rfa8 26. Nf5 Nxf5 27. gxf5 Qd6 28. Ng4 Kf8 29. e5 Rxe5 30. Nxe5 Qxe5 31. Re1 Qxf5 32. Qxb4+ c5 33. Qb7 Qxd3 34. Qxa8+ Be8 35. Qxe8# 1-0

[Event "*** Titled Tuesday Blitz"]
[Site "Chess.com"]
[Date "2020.05.12"]
[Round "2"]
[White "Grandmaster2B"]
[Black "anon102030"]
[Result "0-1"]
[WhiteElo "2499"]
[BlackElo "2747"]
[TimeControl "180+1"]
[EndTime "10:18:11 PDT"]
[Termination "anon102030 won by resignation"]

1. e4 e5 2. Nf3 Nc6 3. Bb5 Nge7 4. O-O d6 5. h3 Bd7 6. c3 Ng6 7. d4 Be7 8. Nbd2 O-O 9. Re1 Nxd4 10. Nxd4 exd4 11.
Bxd7 dxc3 12. Bf5 cxd2 13. Bxd2 Bf6 14. Qe2 c6 15. Red1 Qb6 16. Be3 Qc7 17. Rac1 Rfe8 18.
b4 a6 19. a4 Qe7 20. Qd2 Rad8 21. g3 d5 22. Bb6 Rb8 23. exd5 Ne5 24. d6 Nf3+ 25. Kg2 Qe5 26. Qd3 Ng5 27. f4 Qb2+ 28. Rd2 Qxc1 29. d7 Rf8 30. fxg5 Bxg5 31. Re2 g6 32.
Bg4 Qa1 33. Re8 Rbxe8 34. dxe8=Q Rxe8 35. Bd4 Qa2+ 36. Kf3 Qd5+ 37. Kf2 Rd8 38. Ke2 Qxd4 0-1

[Event "*** Titled Tuesday Blitz"]
[Site "Chess.com"]
[Date "2020.05.12"]
[Round "2"]
[White "KaterynaLagno"]
[Black "Warre"]
[Result "1/2-1/2"]
[WhiteElo "2693"]
[BlackElo "2478"]
[TimeControl "180+1"]
[EndTime "10:18:12 PDT"]
[Termination "Game drawn by agreement"]

1. e4 e5 2. Nf3 Nc6 3. Bb5 a6 4. Ba4 Nf6 5. O-O Nxe4 6. Re1 Nc5 7. Nxe5 Be7 8. Bxc6 dxc6 9. d4 Ne6 10. c3 O-O 11. Be3 Bf6 12. f4 Re8 13. Qf3 Qd5 14. Nd2 Qxf3 15. Ndxf3 g6 16. g4 Ng7 17. h3 h5 18. Bf2 Be6 19. Bh4 Bxh4 20. Nxh4 hxg4 21.
hxg4 Rad8 22. b4 Bd5 23. Kf2 Ne6 24. f5 gxf5 25. gxf5 Nf4 26. c4 Bxc4 27. Rg1+ Kf8 28. Ke3 Nd5+ 29. Kf3 b5 30. a3 Nf6 31. Rae1 Bd5+ 32.
Kf4 a5 33. Nhf3 axb4 34. axb4 Bxf3 35. Nxf3 Rxe1 36. Rxe1 Re8 37. Ne5 Nd5+ 38. Kf3 f6 39.
Nd7+ Kf7 40. Rh1 Re3+ 41. Kf2 Ke7 42. Rh7+ Kd6 43. Nc5 Re7 44. Rh8 Rg7 45. Rd8+ Ke7 46. Rc8 Rf7 47. Kf3 Rh7 48. Kg4 Rg7+ 49. Kh4 Rg1 1/2-1/2

[Event "*** Titled Tuesday Blitz"]
[Site "Chess.com"]
[Date "2020.05.12"]
[Round "2"]
[White "DrVelja"]
[Black "Kopytkin"]
[Result "1-0"]
[WhiteElo "2735"]
[BlackElo "2332"]
[TimeControl "180+1"]
[EndTime "10:18:12 PDT"]
[Termination "DrVelja won on time"]

1. Nf3 d5 2. b3 Nf6 3. Bb2 g6 4. c4 Bg7 5. g3 O-O 6. Bg2 c5 7. cxd5 Nxd5 8. Bxg7 Kxg7 9. Qc1 Qc7 10. O-O Nd7 11. Nc3 N5f6 12. d4 Rb8 13. Qa3 a6 14. dxc5 Qxc5 15. b4 Qh5 16. b5 Re8 17. Qb2 Nc5 18.
Rac1 axb5 19. Nxb5 b6 20. Nc7 Rd8 21. Rfd1 Rxd1+ 22.
Rxd1 Bh3 23. Rd5 Qg4 24. Rd4 Qc8 25. Nd5 Ne6 26. Bxh3 Qc6 27. Nxf6 Nxd4 28. Ng4 f6 29. Qxd4 e5 30. Ngxe5 fxe5 31. Qxe5+ Qf6 32. Qxb8 1-0

[Event "*** Titled Tuesday Blitz"]
[Site "Chess.com"]
[Date "2020.05.12"]
[Round "2"]
[White "sjevtic"]
[Black "FMalexhdez"]
[Result "0-1"]
[WhiteElo "2364"]
[BlackElo "2029"]
[TimeControl "180+1"]
[EndTime "10:18:12 PDT"]
[Termination "FMalexhdez won by resignation"]

1. d4 Nf6 2. Nf3 e6 3. Bf4 b6 4. e3 Bb7 5. Bd3 c5 6. h3 cxd4 7. exd4 d6 8. O-O Nbd7 9. Re1 Be7 10. c3 O-O 11. Nbd2 a6 12. Qe2 Re8 13. Ng5 Nf8 14.
a4 Nd5 15. Nxf7 Nxf4 16. Nxd8 Nxe2+ 17. Rxe2 Raxd8 18. Rae1 d5 19. Nf3 Bf6 20. g4 Bc8 21. Kg2 Ng6 22. Kg3 Be7 23. Bxg6 Bd6+ 24. Kg2 hxg6 25.
Nh4 Kh7 26. Nf3 Bf4 27. h4 Re7 28. b3 Rde8 29. c4 dxc4 30. bxc4 Bb7 31. d5 e5 32. Ng5+ Bxg5 33. hxg5 Rc7 34. Re4 b5 35. axb5 axb5 36. Rxe5 Rxe5 37. Rxe5 bxc4 38. Kg3 c3 39. d6 c2 0-1

[Event "*** Titled Tuesday Blitz"]
[Site "Chess.com"]
[Date "2020.05.12"]
[Round "2"]
[White "Jenia84"]
[Black "26andrej26"]
[Result "0-1"]
[WhiteElo "2259"]
[BlackElo "2469"]
[TimeControl "180+1"]
[EndTime "10:18:13 PDT"]
[Termination "26andrej26 won by resignation"]

1. Nf3 Nf6 2. g3 g6 3. Bg2 Bg7 4. O-O O-O 5. d4 d6 6. c4 Nc6 7. Nc3 Bg4 8. h3 Bxf3 9. Bxf3 Nd7 10. Be3 e5 11. d5 Nd4 12. Bg2 f5 13. Qd2 a5 14.
Rac1 a4 15. Bxd4 exd4 16. Nb5 Nc5 17. Nxd4 f4 18. gxf4 Qh4 19. e3 Rae8 20. Ne6 Rf5 21. Nxc5 dxc5 22. d6 cxd6 23. Qxd6 Ref8 24. Rcd1 g5 25.
Qe6+ Kh8 26. Qe7 Qh6 27. fxg5 Rxg5 28. Rd7 Rg8 29. Kh2 Rxg2+ 30. Kxg2 Bf6+ 31. Kf3 Qxh3+ 32. Ke2 Bxe7 33. Rxe7 Qg4+ 34. Ke1 Qxc4 35. Rd7 Qc1+ 36. Rd1 Qxb2 37. Rd2 Qc3 38. Ke2 Qc4+ 39. Ke1 b5 40. Rh1 b4 41. Rd7 Qc1+ 42. Rd1 Qc3+ 43. Ke2 b3 44.
Rd7 Qc2+ 45. Kf3 bxa2 0-1

[Event "*** Titled Tuesday Blitz"]
[Site "Chess.com"]
[Date "2020.05.12"]
[Round "2"]
[White "walkingcreep"]
[Black "Irishchessman16"]
[Result "1-0"]
[WhiteElo "2656"]
[BlackElo "2402"]
[TimeControl "180+1"]
[EndTime "10:18:15 PDT"]
[Termination "walkingcreep won on time"]

1. d4 Nf6 2. c4 b6 3. Nc3 Bb7 4.
a3 g6 5. d5 Bg7 6. g3 O-O 7. Bg2 c6 8. Nf3 cxd5 9. cxd5 Na6 10. O-O d6 11. Nd4 Nc7 12. e4 e6 13. dxe6 fxe6 14. Bg5 Rb8 15. Ndb5 Nxb5 16. Nxb5 h6 17. Bf4 e5 18. Be3 Nxe4 19. Nxa7 Ra8 20. Nb5 Ra5 21. a4 Kh7 22. b4 Rxb5 23. axb5 Nc3 24. Qb3 Ne2+ 25.
Kh1 Bxg2+ 26. Kxg2 e4 27. Ra7 d5 28. Re1 Qb8 29. Qa3 Kh8 30. Rxe2 Qe8 31. Rxg7 Kxg7 32. Bd4+ Kh7 33. Rc2 Qf7 34. Qe3 Qf5 35. Bxb6 1-0

[Event "*** Titled Tuesday Blitz"]
[Site "Chess.com"]
[Date "2020.05.12"]
[Round "2"]
[White "secretsuperstar7"]
[Black "TheCount"]
[Result "0-1"]
[WhiteElo "2213"]
[BlackElo "2604"]
[TimeControl "180+1"]
[EndTime "10:18:16 PDT"]
[Termination "TheCount won on time"]

1. d4 Nf6 2. c4 g6 3. Nc3 d5 4.
cxd5 Nxd5 5. e4 Nxc3 6. bxc3 Bg7 7. Be3 c5 8. Nf3 Qa5 9. Qd2 O-O 10. Be2 Nc6 11. e5 Rd8 12. Rd1 Nxe5 13. O-O Nc6 14. Bh6 cxd4 15. Bxg7 Kxg7 16. Qf4 dxc3 17. Ne5 Be6 18.
Nxc6 bxc6 19. Bg4 Bxg4 20. Qxg4 Qxa2 21. Rc1 c2 22. Qe4 Rd2 23. Qxc6 Rad8 24. h3 Qb2 25. Kh2 h5 26. Rfe1 Rxf2 27. Qc7 Qf6 28. Rxe7 Rdd2 29.
Rg1 c1=Q 30. Rxf7+ Qxf7 31. Qxc1 Qf4+ 32. Kh1 Qg3 33. Qa1+ Kh6 34. Qh8+ Kg5 0-1

[Event "*** Titled Tuesday Blitz"]
[Site "Chess.com"]
[Date "2020.05.12"]
[Round "2"]
[White "MariaFominykh"]
[Black "mamonika"]
[Result "1-0"]
[WhiteElo "2373"]
[BlackElo "1963"]
[TimeControl "180+1"]
[EndTime "10:18:16 PDT"]
[Termination "MariaFominykh won by resignation"]

1. d4 d5 2. c4 c6 3. Nf3 Nf6 4. Nc3 e6 5. e3 Nbd7 6. b3 Bd6 7. Bd3 O-O 8. O-O b6 9. e4 dxe4 10. Nxe4 Nxe4 11. Bxe4 Bb7 12. Bg5 Qc7 13. h3 h6 14.
Be3 e5 15. dxe5 Nxe5 16. Nd4 Rad8 17. Qh5 Qe7 18. Nf5 Qf6 19. Nxd6 Rxd6 20. Rad1 Rfd8 21. Rxd6 Rxd6 22. Rd1 Rxd1+ 23. Qxd1 Qe7 24. Qc2 c5 25. Bxb7 Qxb7 26. Qf5 Ng6 27. Qg4 Qe7 28. Qd1 Kh7 29. Qd3 Qf6 30. g3 Qf3 31. h4 Kg8 32. Qd5 Kh7 33. Qxf3 1-0

[Event "*** Titled Tuesday Blitz"]
[Site "Chess.com"]
[Date "2020.05.12"]
[Round "2"]
[White "babyking1205"]
[Black "WildBizon"]
[Result "0-1"]
[WhiteElo "2463"]
[BlackElo "2681"]
[TimeControl "180+1"]
[EndTime "10:18:17 PDT"]
[Termination "WildBizon won on time"]

1. e4 c5 2. Nf3 Nc6 3. d4 cxd4 4. Nxd4 Nf6 5. Nc3 d6 6. Bg5 e6 7. f4 a6 8. Qd2 h6 9. Bh4 Nxe4 10. Nxe4 Qxh4+ 11. g3 Qd8 12. Bg2 Bd7 13. O-O-O Qb6 14. Nxc6 Bxc6 15. Nxd6+ Bxd6 16. Bxc6+ Qxc6 17. Qxd6 Rc8 18. c3 Qxd6 19. Rxd6 Ke7 20. Rhd1 Rc7 21. R1d4 g5 22. Rb6 Rd8 23. Re4 Rd6 24. Rxd6 Kxd6 25.
Re5 f6 26. Re4 e5 27. fxe5+ fxe5 28. Kd2 Ke6 29. Ke2 Kf5 30. Rb4 h5 31. h3 g4 32. h4 b5 33. a4 Rc4 34. Rxc4 bxc4 35. Ke3 Ke6 36. Ke4 Kd6 37. Kf5 a5 38. Kg5 Ke6 39.
Kxh5 Kf5 40. Kh6 e4 0-1

[Event "*** Titled Tuesday Blitz"]
[Site "Chess.com"]
[Date "2020.05.12"]
[Round "2"]
[White "realmadridtv"]
[Black "MalakhovKirill"]
[Result "1-0"]
[WhiteElo "2454"]
[BlackElo "2648"]
[TimeControl "180+1"]
[EndTime "10:18:17 PDT"]
[Termination "realmadridtv won by checkmate"]

1. d4 Nf6 2. c4 e6 3. g3 c5 4.
d5 b5 5. Bg2 Bb7 6. e4 bxc4 7.
Ne2 d6 8. O-O e5 9. Nd2 Be7 10.
Nxc4 O-O 11. f4 Nfd7 12. Bd2 Ba6 13. b3 Nb6 14. Rc1 Nxc4 15. bxc4 Nd7 16. f5 Bg5 17.
h4 Bxd2 18. Qxd2 Nb6 19. Qd3 Qd7 20. Rc2 f6 21. g4 Qa4 22. Rfc1 Rab8 23. g5 Nd7 24. Qg3 Rb4 25. Nc3 Qa3 26. Bf1 Bxc4 27. h5 Bxf1 28. h6 Ba6 29. g6 Rd4 30. gxh7+ Kf7 31. hxg7 Rd3 32. g8=Q+ Ke7 33. Q3g7+ Kd8 34. Q8xf8+ Nxf8 35.
Qxf8+ Kc7 36. h8=Q Rg3+ 37. Kh2 Rxc3 38. Qd8+ Kb7 39.
Qb8# 1-0

[Event "*** Titled Tuesday Blitz"]
[Site "Chess.com"]
[Date "2020.05.12"]
[Round "2"]
[White "lifeissofun"]
[Black "TenisMaster"]
[Result "0-1"]
[WhiteElo "2340"]
[BlackElo "2860"]
[TimeControl "180+1"]
[EndTime "10:18:17 PDT"]
[Termination "TenisMaster won by resignation"]

1. e4 d5 2. exd5 Qxd5 3. Nc3 Qa5 4. d4 Nf6 5. Be2 c6 6. Nf3 Bf5 7. O-O e6 8. Bf4 Be7 9. Bd3 Bg4 10. h3 Bh5 11. Ne4 Nbd7 12. c4 Nxe4 13. Bxe4 Nf6 14. Bd3 O-O 15. a3 Qd8 16. Be5 a5 17. Re1 a4 18.
Re3 Nd7 19. Bf4 Qb6 20. Qc2 Bg6 21. Bxg6 hxg6 22. h4 Nf6 23. Rd1 Rfd8 24. Bg5 Qc7 25. Ne5 c5 26. dxc5 Rxd1+ 27. Qxd1 Bxc5 28. Re1 Rd8 29. Qxa4 Rd4 30. b4 Bd6 31. Nf3 Rxc4 32. Rd1 Ne4 33. Qe8+ Kh7 34. Be3 f6 35. Qxe6 Qc6 36.
h5 Bh2+ 37. Kxh2 Qxe6 38. hxg6+ Kxg6 39. Rd8 Kf7 40. Rb8 Qd6+ 0-1

[Event "*** Titled Tuesday Blitz"]
[Site "Chess.com"]
[Date "2020.05.12"]
[Round "2"]
[White "giantslayer83"]
[Black "Ladislav1969"]
[Result "1-0"]
[WhiteElo "2709"]
[BlackElo "2329"]
[TimeControl "180+1"]
[EndTime "10:18:17 PDT"]
[Termination "giantslayer83 won on time"]

1. d4 Nf6 2. Bg5 d5 3. Be3 g6 4. Nc3 b6 5. Bg5 Bg7 6. e3 Bb7 7. h4 c5 8. Nf3 Nbd7 9. Ne5 h6 10. Bxf6 Bxf6 11. f4 e6 12. Bb5 Bxh4+ 13. Kf1 Bc8 14.
Nxd7 Bxd7 15. Bxd7+ Kxd7 16. Qg4 Bf6 17. Nxd5 cxd4 18. Rd1 Rc8 19. c3 h5 20. Qh3 Rc5 21. Nxf6+ Qxf6 22. Rxd4+ Ke7 23. Ke2 Rd8 24. Rhd1 Rxd4 25.
Rxd4 Rb5 26. b4 a5 27. a4 Rf5 28. Qf3 Rd5 29. Rxd5 exd5 30. Qxd5 Qxc3 31. Qe4+ Kf8 32. b5 h4 33. Kf3 Qe1 34. Qc2 Qg3+ 35. Ke4 Kg7 36. Qb2+ f6 37. Qc2 1-0

[Event "*** Titled Tuesday Blitz"]
[Site "Chess.com"]
[Date "2020.05.12"]
[Round "2"]
[White "ural58"]
[Black "Juanovic"]
[Result "1-0"]
[WhiteElo "2424"]
[BlackElo "2163"]
[TimeControl "180+1"]
[EndTime "10:18:17 PDT"]
[Termination "ural58 won by resignation"]

1. e4 c5 2. b3 Nc6 3. Bb2 d6 4. f4 e6 5. Nc3 Nf6 6. Qe2 Be7 7. O-O-O O-O 8. g4 Nd4 9. Qg2 d5 10. g5 Nxe4 11. Nxe4 dxe4 12. Qxe4 Qd5 13. Bd3 Qxe4 14. Bxe4 f6 15. Bxd4 cxd4 16. Nf3 Bc5 17. b4 Bb6 18. g6 h6 19. f5 a5 20. b5 exf5 21. Bd5+ Kh8 22.
Rde1 Bc5 23. a4 Rb8 24. Rhf1 Bd7 25. Nh4 b6 26. Bc6 Bxc6 27. bxc6 Rfc8 28. Re6 b5 29. axb5 Rxb5 30. Rfe1 Ba3+ 31. Kd1 Rb1+ 32. Ke2 Rxe1+ 33. Kxe1 Kg8 34. Nxf5 Bc5 35. c7 Rxc7 36. Re8+ Bf8 37. Ra8 a4 38. Rxa4 Rc5 39. Nxd4 Rg5 40. Ra8 Rxg6 41. Ne6 Kf7 42. Nxf8 Rg2 43. h4 g5 44.
hxg5 fxg5 45. Nd7 Ke6 46. Nc5+ Kf5 47. Rf8+ Kg6 48. Ne4 h5 49. Nxg5 Rxg5 50. Rg8+ Kf5 51. Rxg5+ Kxg5 52. Kf2 Kg4 53. Kg2 h4 54. c4 Kf4 55. d3 1-0

[Event "*** Titled Tuesday Blitz"]
[Site "Chess.com"]
[Date "2020.05.12"]
[Round "2"]
[White "Kolle05"]
[Black "mirochka"]
[Result "0-1"]
[WhiteElo "2386"]
[BlackElo "2153"]
[TimeControl "180+1"]
[EndTime "10:18:17 PDT"]
[Termination "mirochka won on time"]

1. e4 c5 2. Nf3 Nc6 3. d3 g6 4. g3 Bg7 5. Bg2 d6 6. O-O e5 7.
c3 Nge7 8. a3 O-O 9. b4 a6 10.
Be3 b6 11. Nbd2 h6 12. Nb3 Be6 13. d4 exd4 14. cxd4 Bxb3 15. Qxb3 cxd4 16. Bf4 g5 17. Bd2 Ng6 18. Rac1 Qd7 19. e5 dxe5 20. Nh4 Nge7 21. Nf3 Rac8 22. Rfe1 Qd5 23. Qxd5 Nxd5 24. Nxg5 hxg5 25.
Bxd5 Ne7 26. Rxc8 Rxc8 27. Bb7 Rc7 28. Bxa6 Bf6 29. Bd3 Nd5 30. Rc1 Nc3 31. a4 Ra7 0-1

[Event "*** Titled Tuesday Blitz"]
[Site "Chess.com"]
[Date "2020.05.12"]
[Round "2"]
[White "Paladin61"]
[Black "GMJustin"]
[Result "0-1"]
[WhiteElo "2655"]
[BlackElo "2342"]
[TimeControl "180+1"]
[EndTime "10:18:18 PDT"]
[Termination "GMJustin won on time"]

1. d4 Nf6 2. c4 g6 3. g3 Bg7 4.
Bg2 O-O 5. Nc3 Nc6 6. Nf3 d5 7.
cxd5 Nxd5 8. O-O Bf5 9. Ne1 Nxc3 10. bxc3 e5 11. e3 exd4 12. cxd4 Nxd4 13. exd4 Qxd4 14.
Qxd4 Bxd4 15. Ba3 Bxa1 16. Bxf8 Rxf8 17. Bxb7 Rb8 18. Bd5 Rb1 19. Nf3 Rxf1+ 20. Kxf1 Kg7 21. Ng5 Bd3+ 22. Kg2 c5 23. Nf3 c4 24. Ne1 Be2 25.
Bf3 Bxf3+ 26. Kxf3 f5 27. Nc2 Bb2 28. Ke3 Kf6 29. f4 Ke6 30. h3 a5 31. g4 Kd5 32.
gxf5 gxf5 33. Kf3 h5 34. Ke3 Kc5 35. Kf3 c3 36. Ke3 Kc4 37. Ke2 Bc1 0-1

[Event "*** Titled Tuesday Blitz"]
[Site "Chess.com"]
[Date "2020.05.12"]
[Round "2"]
[White "Blitzstream"]
[Black "ZEN-22"]
[Result "1-0"]
[WhiteElo "2662"]
[BlackElo "2432"]
[TimeControl "180+1"]
[EndTime "10:18:19 PDT"]
[Termination "Blitzstream won by resignation"]

1. d4 d5 2. Bf4 c5 3. e3 Nc6 4. c3 f6 5. Bd3 g6 6. Nf3 Bg7 7. Bg3 e5 8. e4 cxd4 9. cxd4 dxe4 10.
Bxe4 Nxd4 11. Nxd4 Qxd4 12. Nc3 Qxd1+ 13. Rxd1 Ne7 14.
f4 f5 15. Bc2 exf4 16. Bxf4 Bxc3+ 17. bxc3 Be6 18. Kf2 Kf7 19. Rhe1 Rhd8 20. Rxe6 Kxe6 21. Re1+ Kf6 22. Be5+ Kg5 23. h4+ Kh6 24. Bf4+ Kh5 25.
Rxe7 h6 26. Re1 g5 27. hxg5 hxg5 28. Bc1 f4 29. Bf5 Kh6 30. Re7 Rh8 31. Rxb7 Rab8 32. Rc7 Rbc8 33. Rxc8 Rh7 34. Bxh7 Kxh7 35. Rc7+ Kg6 36.
Rxa7 Kf5 37. Ra4 Kg4 38. Bxf4 Kh4 39. Bxg5+ Kh5 40. Rd4 Kxg5 41. a4 Kf6 42. a5 Ke5 43. a6 1-0

[Event "*** Titled Tuesday Blitz"]
[Site "Chess.com"]
[Date "2020.05.12"]
[Round "2"]
[White "vaishali2001"]
[Black "alexsergeyev"]
[Result "1-0"]
[WhiteElo "2640"]
[BlackElo "2355"]
[TimeControl "180+1"]
[EndTime "10:18:19 PDT"]
[Termination "vaishali2001 won on time"]

1. e4 e5 2. Nc3 Nf6 3. Bc4 c6 4.
Bb3 Bb4 5. Nge2 O-O 6. O-O d5 7. exd5 cxd5 8. d4 e4 9. Bg5 Be6 10. Nf4 Bxc3 11. bxc3 Nc6 12. Bxf6 gxf6 13. Qh5 Ne7 14.
f3 f5 15. fxe4 fxe4 16. Nxe6 fxe6 17. Qg4+ Kh8 18. Qxe6 Qc7 19. Bxd5 e3 20. Be4 Rf2 21. Qh3 Ng8 22. Qxe3 Rxf1+ 23. Rxf1 Re8 24. Qf3 Qe7 25. Bd3 b6 26. Qf7 Nh6 27. Qf4 Qe6 28. h3 Kg7 29. Qg5+ Kh8 30. Qf4 Kg7 31. Rf3 Nf7 32. Kh2 Re7 33.
Rg3+ Kh8 34. Qh4 1-0

[Event "*** Titled Tuesday Blitz"]
[Site "Chess.com"]
[Date "2020.05.12"]
[Round "2"]
[White "witcher8"]
[Black "Bagirova"]
[Result "1-0"]
[WhiteElo "2434"]
[BlackElo "2183"]
[TimeControl "180+1"]
[EndTime "10:18:20 PDT"]
[Termination "witcher8 won by resignation"]

1. e4 e6 2. d4 d5 3. Nc3 dxe4 4. Nxe4 Nd7 5. Nf3 Ngf6 6. Bd3 c5 7. Nxf6+ Nxf6 8.
dxc5 Bxc5 9. O-O O-O 10. Bg5 Be7 11. Qe2 Qc7 12. Rad1 Bd7 13. c3 Bc6 14. Bb1 Rfd8 15. Nd4 Bd5 16. Rfe1 h6 17. Bh4 Bc4 18. Qc2 g5 19. Bg3 Bd6 20. b3 Bxg3 21. fxg3 Ba6 22.
Rd2 Kg7 23. Rf2 Qb6 24. Nxe6+ Kg8 25. Nxd8 Rxd8 26. Kh1 Bd3 27. Qb2 Bxb1 28. Rxb1 Ng4 29. Re2 Qd6 30. Rbe1 Nf6 31. c4 h5 32. Qe5 Qb6 33. Qxg5+ Kf8 34. h3 Qd6 35. c5 Qc6 36. Rf1 Ne4 37. Qxd8+ Kg7 38. Kh2 h4 39. Qxh4 Nxc5 40.
Qg5+ 1-0

[Event "*** Titled Tuesday Blitz"]
[Site "Chess.com"]
[Date "2020.05.12"]
[Round "2"]
[White "GOGIEFF"]
[Black "lupta_robin"]
[Result "1-0"]
[WhiteElo "2953"]
[BlackElo "2572"]
[TimeControl "180+1"]
[EndTime "10:18:21 PDT"]
[Termination "GOGIEFF won by resignation"]

1. d4 d5 2. c4 Nc6 3. Nf3 Bg4 4. e3 e5 5. dxe5 d4 6. exd4 Bxf3 7. gxf3 Qxd4 8.
Nc3 O-O-O 9. f4 Qxd1+ 10. Nxd1 Nb4 11. Ne3 Bc5 12. Bh3+ Kb8 13. O-O Ne7 14. a3 Nd3 15. b4 Nxc1 16. Raxc1 Bxe3 17. fxe3 Rd3 18. Kf2 Rhd8 19.
Bg4 Rxa3 20. Rfd1 Rad3 21. Rxd3 Rxd3 22. Be2 Rd2 23. Ke1 Rd8 24. Rc3 c6 25. Bd3 h6 26.
Ke2 Kc7 27. h4 f6 28. e6 f5 29. Rc1 Rd6 30. Rg1 g6 31. h5 Rxe6 32. hxg6 Rxg6 33.
Rxg6 Nxg6 34. Bxf5 Ne7 35. Bc2 b6 36. b5 cxb5 37.
cxb5 Kd6 38. e4 Kc5 39. Bd3 Nc8 40. e5 Kd5 41. Ke3 Ne7 42. Be4+ Ke6 43. Kf3 Ng8 44. Kg4 Ne7 45. Kh5 Nf5 46. Bxf5+ Kxf5 47. Kxh6 1-0